[Event "*** SCC Grand Prix: Titled Tuesday Blitz"]
[Site "Chess.com"]
[Date "2020.07.21"]
[Round "4"]
[White "ThePatrick27"]
[Black "Logman74"]
[Result "0-1"]
[WhiteElo "2510"]
[BlackElo "2341"]
[TimeControl "180+1"]
[EndTime "10:37:21 PDT"]
[Termination "Logman74 won by checkmate"]

1. d4 Nf6 2. c4 e6 3. Nc3 Bb4 4. e3 b6 5. Bd3 Bb7 6. f3 O-O 7. Ne2 d5 8. O-O Nbd7 9. a3 Bd6 10. Bd2 c5 11. cxd5 exd5 12. Rc1 Re8 13. Ng3 g6 14. Bb1 Ba6 15. Rf2 Bxg3 16. hxg3 Nh5 17. Kh2 Qg5 18. e4 Qxg3+ 19. Kg1 cxd4 20. Nxd5 Ne5 21. Qa4 Bd3 22. Ba2 Qh4 23. Qb3 Ng3 24. Rff1 Ne2# 0-1

[Event "*** SCC Grand Prix: Titled Tuesday Blitz"]
[Site "Chess.com"]
[Date "2020.07.21"]
[Round "4"]
[White "ItsCheckM8Mate"]
[Black "Malysch"]
[Result "1-0"]
[WhiteElo "2298"]
[BlackElo "2429"]
[TimeControl "180+1"]
[EndTime "10:37:21 PDT"]
[Termination "ItsCheckM8Mate won on time"]

1. e4 d5 2. exd5 Qxd5 3. Nc3 Qd6 4. d4 Nf6 5. Bc4 a6 6. Bb3 b5 7. Nge2 Bb7 8. Bf4 Qb6 9. O-O e6 10. d5 c5 11. dxe6 c4 12. exf7+ Kxf7 13. Be3 Qc6 14.
f3 Bc5 15. Nd4 Bxd4 16. Qxd4 Nbd7 17. Ne4 cxb3 18. Nd6+ Ke7 19. Rfe1 Qxd6 20. Bf4+ Qe6 21. Qd6+ 1-0

[Event "*** SCC Grand Prix: Titled Tuesday Blitz"]
[Site "Chess.com"]
[Date "2020.07.21"]
[Round "4"]
[White "Manukyan_Artak"]
[Black "rugbyclub"]
[Result "1-0"]
[WhiteElo "2395"]
[BlackElo "2120"]
[TimeControl "180+1"]
[EndTime "10:37:21 PDT"]
[Termination "Manukyan_Artak won by resignation"]

1. e4 e5 2. Nf3 Nc6 3. d4 exd4 4. Nxd4 Nf6 5. Nxc6 bxc6 6. e5 Qe7 7. Qe2 Nd5 8. c4 Nb6 9. b3 a5 10. a4 Qe6 11. g3 Bb4+ 12. Bd2 Bxd2+ 13. Nxd2 O-O 14. f4 Re8 15. Nf3 d5 16. exd6 cxd6 17. Qxe6 Bxe6 18. Kf2 Nd7 19. Nd4 Nc5 20. Rb1 Rab8 21. Bg2 Bd7 22. Bxc6 Bxc6 23. Nxc6 Rxb3 24. Rxb3 Nxb3 25. Rb1 Nc5 26.
Nxa5 Nxa4 27. Rd1 Nc3 28. Rd4 g6 29. Kf3 Re6 30. Nb7 Re2 31. Nxd6 Rxh2 32. c5 Rc2 33.
Rc4 Kf8 34. c6 Ke7 35. c7 1-0

[Event "*** SCC Grand Prix: Titled Tuesday Blitz"]
[Site "Chess.com"]
[Date "2020.07.21"]
[Round "4"]
[White "crackcubano"]
[Black "AquivaRubinstein"]
[Result "1-0"]
[WhiteElo "2636"]
[BlackElo "2463"]
[TimeControl "180+1"]
[EndTime "10:37:23 PDT"]
[Termination "crackcubano won by resignation"]

1. Nf3 Nf6 2. c4 e6 3. g3 d5 4. Bg2 Be7 5. O-O O-O 6. d4 dxc4 7. Qc2 a6 8. a4 Bd7 9. Rd1 Bc6 10. Nc3 a5 11. e4 Na6 12. Ne5 Nb4 13. Qe2 Be8 14.
Nxc4 Nd7 15. b3 Nb6 16. Ne3 Nc6 17. d5 exd5 18. Ncxd5 Nxd5 19. Nxd5 Bd6 20. Bb2 Bd7 21. e5 Re8 22. f4 Bc5+ 23. Kh1 Qc8 24. Rac1 Bg4 25.
Bf3 Bxf3+ 26. Qxf3 Ba7 27. f5 Nxe5 28. Bxe5 Rxe5 29. Nxc7 Rb8 30. Na6 Qe8 31. Nxb8 Bxb8 32. Qxb7 h5 33. Rc8 Re1+ 34. Rxe1 1-0

[Event "*** SCC Grand Prix: Titled Tuesday Blitz"]
[Site "Chess.com"]
[Date "2020.07.21"]
[Round "4"]
[White "Kolle05"]
[Black "Evachess2006"]
[Result "1-0"]
[WhiteElo "2367"]
[BlackElo "1606"]
[TimeControl "180+1"]
[EndTime "10:37:23 PDT"]
[Termination "Kolle05 won on time"]

1. e4 e5 2. Nf3 Nc6 3. Bb5 a6 4. Ba4 Nf6 5. Qe2 b5 6. Bb3 Be7 7.
O-O O-O 8. a4 bxa4 9. Bxa4 Nd4 10. Nxd4 exd4 11. e5 Nd5 12. Qe4 Bb7 13. Qxd4 c5 14.
Qg4 d6 15. exd6 Qxd6 16. Nc3 Nxc3 17. dxc3 Qg6 18. Qxg6 fxg6 19. Be3 Rad8 20. Rfd1 Rxd1+ 21. Rxd1 Rd8 22. Bb3+ Kh8 23. Rxd8+ Bxd8 24. Bxc5 Bc7 25. Bd4 a5 26. c4 h6 27. c5 Bc6 28. Bc4 a4 29. b4 axb3 30. cxb3 Ba5 31. f3 Bb4 32. Kf2 g5 33. Ke3 Kh7 34. Bf7 g6 35. Kd3 Bb5+ 36. Bc4 Bc6 37. Ke3 h5 38. Kd3 g4 39. fxg4 hxg4 40.
g3 Bf3 41. Ke3 Bc6 42. Kf4 1-0

[Event "*** SCC Grand Prix: Titled Tuesday Blitz"]
[Site "Chess.com"]
[Date "2020.07.21"]
[Round "4"]
[White "dolynachess"]
[Black "Duong57"]
[Result "1-0"]
[WhiteElo "2459"]
[BlackElo "2302"]
[TimeControl "180+1"]
[EndTime "10:37:25 PDT"]
[Termination "dolynachess won by resignation"]

1. d4 d5 2. c4 e6 3. Nf3 c6 4. g3 dxc4 5. Bg2 b5 6. O-O Bb7 7. Nc3 Nd7 8. e4 Ngf6 9. e5 Nd5 10. Ng5 Be7 11. Qh5 g6 12. Qh6 Nxc3 13. bxc3 Bf8 14. Qh3 f5 15. Nxe6 Qb6 16. a4 a5 17. Nf4 Bg7 18. Ne6 Bf8 19. Be3 c5 20. dxc5 Qxe6 21. Bxb7 Rb8 22. c6 Nc5 23. axb5 Nxb7 24. cxb7 Rxb7 25.
Rxa5 Kf7 26. Bd4 Bg7 27. Ra6 Qe7 28. Qg2 Rhb8 29. Qd5+ Kf8 30. Bc5 1-0

[Event "*** SCC Grand Prix: Titled Tuesday Blitz"]
[Site "Chess.com"]
[Date "2020.07.21"]
[Round "4"]
[White "ambaixador"]
[Black "Emp3rador"]
[Result "0-1"]
[WhiteElo "2312"]
[BlackElo "2469"]
[TimeControl "180+1"]
[EndTime "10:37:27 PDT"]
[Termination "Emp3rador won by resignation"]

1. Nf3 d5 2. d4 Nf6 3. c4 c6 4. Qc2 dxc4 5. Qxc4 Bf5 6. Nc3 e6 7. e3 Nbd7 8. h3 c5 9. Qe2 Be7 10. e4 Bg6 11. e5 Nd5 12. Nxd5 exd5 13. Qe3 O-O 14. Bd3 cxd4 15. Qxd4 Bxd3 16. Qxd3 Nc5 17. Qd1 Qa5+ 18. Bd2 Qa6 19. Qe2 Nd3+ 20. Kf1 Rac8 21. Bc3 Bc5 22. Bd4 Bxd4 23. Nxd4 Qc4 24. Rd1 Nxb2 25.
Qxc4 dxc4 26. Rc1 a6 27. Ke2 Nd3 28. Rc3 Rfd8 29. Nf3 b5 30. Rd1 Kf8 31. Rd2 Ke7 32. g3 h6 33. Rcc2 Ke6 34. Rc3 Nxe5 35. Re3 Rxd2+ 36. Kxd2 Rd8+ 37. Kc3 f6 38. Nd4+ Kd5 39.
f4 b4+ 40. Kxb4 Kxd4 0-1

[Event "*** SCC Grand Prix: Titled Tuesday Blitz"]
[Site "Chess.com"]
[Date "2020.07.21"]
[Round "4"]
[White "Alindsay211"]
[Black "rududuyk"]
[Result "1-0"]
[WhiteElo "2293"]
[BlackElo "2063"]
[TimeControl "180+1"]
[EndTime "10:37:27 PDT"]
[Termination "Alindsay211 won by resignation"]

1. d4 e6 2. Nf3 f5 3. Bf4 Nf6 4. e3 b6 5. Nbd2 Bb7 6. h3 g6 7.
c3 Bg7 8. Be2 O-O 9. Qc2 d6 10.
Rg1 Re8 11. g4 Ne4 12. Bd3 e5 13. dxe5 dxe5 14. Bh2 Nxd2 15. Nxd2 f4 16. O-O-O Qf6 17. Ne4 Qf7 18. Kb1 Bd5 19. a3 Bb3 20. Qe2 Bxd1 21. Rxd1 Nc6 22. Bc4 Re6 23. Ng5 1-0

[Event "*** SCC Grand Prix: Titled Tuesday Blitz"]
[Site "Chess.com"]
[Date "2020.07.21"]
[Round "4"]
[White "bocah_sakit"]
[Black "TigrVShlyape"]
[Result "1-0"]
[WhiteElo "2736"]
[BlackElo "2851"]
[TimeControl "180+1"]
[EndTime "10:37:28 PDT"]
[Termination "bocah_sakit won on time"]

1. e4 g6 2. d4 Bg7 3. Nc3 d6 4. Be3 a6 5. Qd2 b5 6. O-O-O Bb7 7. f3 Nd7 8. h4 h6 9. Nh3 e6 10. Kb1 Ngf6 11. g4 Nb6 12. Bd3 Nfd7 13. h5 g5 14. f4 gxf4 15. Nxf4 Qe7 16. Rhf1 O-O-O 17. a4 b4 18. Na2 a5 19. c3 c5 20. cxb4 cxb4 21. Nxb4 axb4 22. Qxb4 e5 23. dxe5 Qxe5 24. Bxb6 Nxb6 25.
Qxb6 Kb8 26. Nd5 Rd7 27. Rc1 Qd4 28. Qb5 Ka7 29. Rc3 Rhd8 30. Rfc1 Be5 31. Rc7 Rxc7 32.
Rxc7 1-0

[Event "*** SCC Grand Prix: Titled Tuesday Blitz"]
[Site "Chess.com"]
[Date "2020.07.21"]
[Round "4"]
[White "boasovietica"]
[Black "Ashedu66"]
[Result "1-0"]
[WhiteElo "2418"]
[BlackElo "2222"]
[TimeControl "180+1"]
[EndTime "10:37:28 PDT"]
[Termination "boasovietica won by resignation"]

1. e4 e5 2. Nf3 Nc6 3. Bb5 Nge7 4. Nc3 g6 5. d4 exd4 6. Nd5 Bg7 7.
Bg5 h6 8. Bf6 Bxf6 9. Nxf6+ Kf8 10. Nxd4 Nf5 11. exf5 Qxf6 12. Bxc6 dxc6 13. fxg6 fxg6 14.
O-O Kg7 15. Re1 Rd8 16. Re4 Bf5 17. Rf4 c5 18. Nxf5+ Qxf5 19. Rxf5 Rxd1+ 20. Rxd1 gxf5 21. Rd7+ Kf6 22. Rxc7 Rd8 23. g3 b6 24. Rxa7 Rd2 25. Rb7 Rxc2 26. Rxb6+ Ke5 27. a4 Ke4 28. Kg2 f4 29.
gxf4 Kxf4 30. a5 h5 31. a6 Rc1 32. Rf6+ Kg5 33. Rf3 1-0

[Event "*** SCC Grand Prix: Titled Tuesday Blitz"]
[Site "Chess.com"]
[Date "2020.07.21"]
[Round "4"]
[White "baag"]
[Black "chigorin28"]
[Result "1-0"]
[WhiteElo "2619"]
[BlackElo "2428"]
[TimeControl "180+1"]
[EndTime "10:37:29 PDT"]
[Termination "baag won on time"]

1. d4 Nf6 2. c4 d6 3. Nf3 g6 4. Nc3 Bg7 5. g3 O-O 6. Bg2 Nc6 7. O-O e5 8. dxe5 dxe5 9. Bg5 h6 10. Qxd8 Rxd8 11.
Bxf6 Bxf6 12. Nd5 Bg7 13. Nxc7 Rb8 14. Rad1 Nd4 15. e3 Nxf3+ 16. Bxf3 Bh3 17. Bg2 Bxg2 18. Kxg2 Rdc8 19. Rd7 b6 20. Rfd1 Bf8 21. b3 a6 22.
a4 Kg7 23. Nxa6 Ra8 24. Nc7 Rab8 25. Ne6+ Kg8 26. Nxf8 Rxf8 27. Re7 Rfe8 28. Rxe8+ Rxe8 29. Rd6 Rb8 30. Kf3 Kf8 31. Ke4 Ke7 32. Kxe5 Rc8 33. Rxb6 Rc5+ 34. Kd4 Rf5 35. f4 Rh5 36. h4 g5 37. hxg5 hxg5 38. Rb5 f6 39. fxg5 fxg5 40. g4 1-0

[Event "*** SCC Grand Prix: Titled Tuesday Blitz"]
[Site "Chess.com"]
[Date "2020.07.21"]
[Round "4"]
[White "chesslh19"]
[Black "jamalm2"]
[Result "1-0"]
[WhiteElo "2166"]
[BlackElo "1857"]
[TimeControl "180+1"]
[EndTime "10:37:34 PDT"]
[Termination "chesslh19 won by resignation"]

1. e4 c5 2. Nf3 e6 3. d4 cxd4 4. Nxd4 Nc6 5. Nb5 a6 6. Nd6+ Bxd6 7. Qxd6 Qe7 8. Qxe7+ Ngxe7 9. Nc3 O-O 10. Be3 b5 11.
O-O-O b4 12. Na4 d5 13. Nb6 Rb8 14. exd5 exd5 15. Nxd5 Nxd5 16. Rxd5 Be6 17. Rd1 Rfc8 18. Bxa6 Bxa2 19. Bxc8 Rxc8 20. b3 Bxb3 21. cxb3 Nd4+ 22. Kb1 Nxb3 23. Bb6 h6 24. Rd8+ Rxd8 25. Bxd8 Nd2+ 26. Kc2 Ne4 27. f3 Nc5 28. Be7 Ne6 29. Bxb4 Nf4 30.
g3 Nd5 31. Bd2 f5 32. Ra1 g5 33. Ra7 f4 34. gxf4 gxf4 35. Rd7 Nf6 36. Rd6 Kf7 37. Bxf4 h5 38. Rxf6+ Kxf6 39. h4 Kf5 40. Bg5 Kg6 41. Kd3 Kf5 42. f4 Ke6 43. Ke4 1-0

[Event "*** SCC Grand Prix: Titled Tuesday Blitz"]
[Site "Chess.com"]
[Date "2020.07.21"]
[Round "4"]
[White "SHIVACalypso"]
[Black "SzMM19"]
[Result "1/2-1/2"]
[WhiteElo "2350"]
[BlackElo "2579"]
[TimeControl "180+1"]
[EndTime "10:37:35 PDT"]
[Termination "Game drawn by repetition"]

1. Nf3 a5 2. c4 b6 3. g3 Ba6 4.
d3 g6 5. Bg2 Bg7 6. O-O Nf6 7.
Nc3 O-O 8. e4 d6 9. a3 Nbd7 10.
Rb1 Ng4 11. Qc2 Nge5 12. b4 axb4 13. axb4 Nxf3+ 14. Bxf3 Bb7 15. Bg2 Ne5 16. Bb2 Nc6 17. Nd5 Nd4 18. Qd1 e6 19. Ne3 Ra2 20. Nc2 Nxc2 21.
Qxc2 Qa8 22. Qb3 Bxb2 23. Rxb2 Ra3 24. Qc2 e5 25. c5 bxc5 26. bxc5 Ba6 27. Rd1 Rd8 28. Bf1 d5 29. Rb3 Rxb3 30. Qxb3 dxe4 31. dxe4 Rxd1 32. Qxd1 Bxf1 33. Kxf1 Qxe4 34. Qd8+ Kg7 35. Qxc7 Qh1+ 36. Ke2 Qe4+ 37. Kf1 Qh1+ 38. Ke2 Qe4+ 39. Kf1 1/2-1/2

[Event "*** SCC Grand Prix: Titled Tuesday Blitz"]
[Site "Chess.com"]
[Date "2020.07.21"]
[Round "4"]
[White "ketster"]
[Black "denispopov"]
[Result "1-0"]
[WhiteElo "2372"]
[BlackElo "1808"]
[TimeControl "180+1"]
[EndTime "10:37:37 PDT"]
[Termination "ketster won by resignation"]

1. d4 Nf6 2. c4 g6 3. Nc3 d5 4. Nf3 Bg7 5. h4 Bg4 6. cxd5 Nxd5 7. Qb3 Nxc3 8. bxc3 b6 9. Ng5 e6 10. f3 h6 11.
Nxf7 Kxf7 12. fxg4 Qd5 13. Qc2 Nd7 14. e4 Qc6 15. Bd3 Rhf8 16. e5 Bxe5 17. dxe5 Nxe5 18. O-O+ Kg7 19. Bf4 Nxg4 20. Bxg6 Qc5+ 21. Kh1 e5 22. Bh7 exf4 23. Qg6+ Kh8 24. Qxg4 Kxh7 25. Rad1 Rad8 26. Rxd8 Rxd8 27. Rxf4 Rd1+ 28. Qxd1 1-0

[Event "*** SCC Grand Prix: Titled Tuesday Blitz"]
[Site "Chess.com"]
[Date "2020.07.21"]
[Round "4"]
[White "dosto07"]
[Black "MestreSoares"]
[Result "1-0"]
[WhiteElo "2234"]
[BlackElo "2061"]
[TimeControl "180+1"]
[EndTime "10:37:37 PDT"]
[Termination "dosto07 won by resignation"]

1. e4 Nf6 2. e5 Nd5 3. d4 d6 4. Nf3 Bg4 5. Be2 e6 6. O-O Be7 7. h3 Bf5 8. c4 Nb6 9. Nc3 O-O 10. b3 Nc6 11. exd6 cxd6 12. Be3 d5 13. c5 Nc8 14.
Bd3 Bxd3 15. Qxd3 Bf6 16. Rab1 a6 17. Rfd1 b5 18. b4 N8e7 19. a4 bxa4 20. Nxa4 Nf5 21. Nb6 Ra7 22. g4 Nh4 23. Nxh4 Bxh4 24. Kg2 g6 25.
Qd2 Bf6 26. Ra1 Qe7 27. Ra3 e5 28. Nxd5 Qd8 29. Nxf6+ Qxf6 30. Bg5 1-0

[Event "*** SCC Grand Prix: Titled Tuesday Blitz"]
[Site "Chess.com"]
[Date "2020.07.21"]
[Round "4"]
[White "ChelsieMonica"]
[Black "natelleka"]
[Result "0-1"]
[WhiteElo "2386"]
[BlackElo "2147"]
[TimeControl "180+1"]
[EndTime "10:37:39 PDT"]
[Termination "natelleka won on time"]

1. c4 Nf6 2. Nc3 c5 3. Nf3 e6 4.
g3 d5 5. cxd5 Nxd5 6. d4 Nc6 7.
Nxd5 exd5 8. Bg2 Be7 9. O-O O-O 10. dxc5 Bxc5 11. Bf4 Re8 12. Rc1 Bb6 13. e3 Bf5 14.
Nd4 Nxd4 15. exd4 Be4 16. Re1 Bxg2 17. Kxg2 Rxe1 18. Qxe1 Bxd4 19. Rd1 Bf6 20. b3 d4 21. Qe4 Qb6 22. Be5 Bxe5 23. Qxe5 Rd8 24. h4 d3 25. Rd2 h6 26. g4 Qb4 27. Qc7 Qxg4+ 28. Kf1 Rd7 29. Qc8+ Kh7 30. Rxd3 Rd4 31. Rxd4 Qxc8 0-1

[Event "*** SCC Grand Prix: Titled Tuesday Blitz"]
[Site "Chess.com"]
[Date "2020.07.21"]
[Round "4"]
[White "Alberquintin"]
[Black "lelya96"]
[Result "1-0"]
[WhiteElo "2489"]
[BlackElo "2180"]
[TimeControl "180+1"]
[EndTime "10:37:40 PDT"]
[Termination "Alberquintin won by resignation"]

1. c4 c6 2. d4 d5 3. cxd5 cxd5 4. Nc3 Nf6 5. Bf4 a6 6. e3 Nc6 7. Be2 Bf5 8. g4 Bg6 9. h4 h6 10. h5 Bh7 11. Nf3 e6 12. Ne5 Be7 13. Rc1 Qb6 14.
O-O Nxe5 15. dxe5 Nd7 16. Bd3 Bxd3 17. Qxd3 Bg5 18. Ne2 O-O 19. Bxg5 Nxe5 20. Qb3 Qxb3 21. axb3 Nf3+ 22. Kg2 Nxg5 23. Rc7 b5 24. Rfc1 Ne4 25. f3 Nf6 26. Nd4 Rfd8 27. Nc6 Rd7 28. Ne5 Rxc7 29. Rxc7 a5 30. Nxf7 Ne8 31. Rb7 a4 32. bxa4 bxa4 33. Ne5 a3 34. bxa3 Rxa3 35. Re7 Kf8 36. Ng6+ Kg8 37.
Rxe8+ 1-0

[Event "*** SCC Grand Prix: Titled Tuesday Blitz"]
[Site "Chess.com"]
[Date "2020.07.21"]
[Round "4"]
[White "sotochess"]
[Black "OrtizAnahi2001"]
[Result "0-1"]
[WhiteElo "2417"]
[BlackElo "2283"]
[TimeControl "180+1"]
[EndTime "10:37:40 PDT"]
[Termination "OrtizAnahi2001 won on time"]

1. e4 e5 2. Nf3 Nc6 3. Bc4 Bc5 4.
b4 Bxb4 5. c3 Ba5 6. d4 exd4 7.
O-O Nge7 8. Ng5 d5 9. exd5 Ne5 10. Qa4+ c6 11. dxc6 O-O 12. cxd4 Nxc4 13. Qxc4 Nxc6 14. d5 Ne5 15. Qe4 Ng6 16. Na3 h6 17. Nf3 Qf6 18.
Be3 Bf5 19. Qa4 Bc7 20. Bd4 Qd8 21. Qb3 Be4 22. Qc3 Rc8 23. Qb2 Bxf3 24. Rfc1 Qg5 25. g3 Nf4 0-1

[Event "*** SCC Grand Prix: Titled Tuesday Blitz"]
[Site "Chess.com"]
[Date "2020.07.21"]
[Round "4"]
[White "nikitakhoroshev"]
[Black "Sam_ChessMood"]
[Result "1/2-1/2"]
[WhiteElo "2545"]
[BlackElo "2807"]
[TimeControl "180+1"]
[EndTime "10:37:43 PDT"]
[Termination "Game drawn by agreement"]

1. d4 d5 2. c4 c6 3. Nc3 Nf6 4. Nf3 dxc4 5. a4 Bf5 6. e3 e6 7. Bxc4 Bb4 8. O-O O-O 9. Qe2 Bg6 10. Ne5 Nbd7 11. Nxg6 hxg6 12. Rd1 Qe7 13. e4 e5 14. d5 a5 15. Bg5 Rfd8 16. Rac1 Rac8 17. dxc6 bxc6 18. f3 Nc5 19. Be3 Bxc3 20. bxc3 Nxa4 21. Rxd8+ Rxd8 22. Qa2 Nc5 23. Qa3 Nfd7 24. Rd1 Re8 25. Qxa5 Ne6 26. Qa7 Nf6 27. Qxe7 Rxe7 28. Rd6 Nf4 29.
Rxc6 Rd7 30. Bxf4 exf4 31. e5 Rd1+ 32. Kf2 Nd5 33. e6 fxe6 34. Rxe6 Kh7 35. Bxd5 Rxd5 36.
Ke2 g5 37. Rc6 Ra5 38. g4 Ra2+ 39. Kd3 Rxh2 40. Rd6 Rf2 41. Ke4 Re2+ 42. Kf5 Re3 43. Kxg5 Rxf3 44. c4 Rc3 45. Rd4 f3 46. Rf4 f2 47.
Rxf2 Rxc4 1/2-1/2

[Event "*** SCC Grand Prix: Titled Tuesday Blitz"]
[Site "Chess.com"]
[Date "2020.07.21"]
[Round "4"]
[White "szachuspl"]
[Black "VerdeNotte"]
[Result "0-1"]
[WhiteElo "2551"]
[BlackElo "2833"]
[TimeControl "180+1"]
[EndTime "10:37:44 PDT"]
[Termination "VerdeNotte won by resignation"]

1. d4 Nf6 2. c4 c5 3. d5 b5 4. cxb5 a6 5. bxa6 g6 6. Nc3 Bg7 7. e4 O-O 8. Nf3 Qa5 9. Bd2 Bxa6 10. g3 e6 11. a4 Qb6 12. Bxa6 Qxa6 13. dxe6 fxe6 14.
Qe2 Qxe2+ 15. Kxe2 Nc6 16. Be3 Rfb8 17. Rab1 Bf8 18. Rhd1 d6 19. Rd2 Rb4 20. Kd3 d5 21. exd5 exd5 22. Bf4 d4 23. Nb5 Raxa4 24. Nc7 c4+ 25.
Ke2 d3+ 26. Kd1 Ne4 27. Nd5 Rb5 28. Ne3 Nc3+ 29. Kc1 Nxb1 30. Kxb1 Rba5 0-1

[Event "*** SCC Grand Prix: Titled Tuesday Blitz"]
[Site "Chess.com"]
[Date "2020.07.21"]
[Round "4"]
[White "Steven_Rojas"]
[Black "Vuk2000"]
[Result "0-1"]
[WhiteElo "2393"]
[BlackElo "2611"]
[TimeControl "180+1"]
[EndTime "10:37:44 PDT"]
[Termination "Vuk2000 won by checkmate"]

1. c4 e5 2. Nc3 Nc6 3. Nf3 g6 4. e3 Bg7 5. d4 d6 6. Be2 Nf6 7.
O-O O-O 8. Rb1 Bf5 9. Ra1 exd4 10. Nxd4 Nxd4 11. exd4 Re8 12. Bf3 Ne4 13. Be3 Nxc3 14. bxc3 c6 15. Qd2 Qa5 16. Rfe1 Be4 17. Bxe4 Rxe4 18.
Rab1 Rae8 19. f3 R4e7 20. Bf2 Qf5 21. Rxe7 Qxb1+ 22. Re1 Rxe1+ 23. Bxe1 Bf6 24. g3 h5 25. h4 c5 26. Kg2 cxd4 27. cxd4 Bxd4 28. Qxd4 Qxe1 29. Qxd6 Qe2+ 30. Kh3 Qxf3 31. Qb8+ Kh7 32. Qxa7 Qh1# 0-1

[Event "*** SCC Grand Prix: Titled Tuesday Blitz"]
[Site "Chess.com"]
[Date "2020.07.21"]
[Round "4"]
[White "AungTZ"]
[Black "killer311"]
[Result "0-1"]
[WhiteElo "2024"]
[BlackElo "2381"]
[TimeControl "180+1"]
[EndTime "10:37:44 PDT"]
[Termination "killer311 won by resignation"]

1. e4 c6 2. d4 d5 3. Nc3 dxe4 4. Nxe4 Bf5 5. Ng3 Bg6 6. h4 h6 7. Nf3 Nf6 8. Bd3 Bxd3 9. Qxd3 e6 10. Bd2 c5 11. O-O-O Nc6 12. Bc3 Qd5 13. Kb1 Be7 14.
dxc5 Qxd3 15. Rxd3 Bxc5 16. Bxf6 gxf6 17. Ne4 Be7 18.
Nd6+ Bxd6 19. Rxd6 Rg8 20. g3 Rd8 21. Rhd1 Rxd6 22.
Rxd6 Rg4 23. c3 f5 24. Rd3 f4 25. Nh2 Rg6 26. g4 Ne5 27. Rd4 Nxg4 28. Nf3 e5 29. Rb4 b6 30. Ra4 a5 31. Re4 Re6 32. Re2 f6 33. Nd2 Rd6 34. Ne4 Rd1+ 35. Kc2 Rf1 36. b4 axb4 37. cxb4 Ke7 38. a4 f5 39. Nd2 e4 40. f3 Ne3+ 41. Kb2 Rd1 42. fxe4 Rxd2+ 43. Rxd2 Nc4+ 44. Kc2 Nxd2 45. exf5 Nc4 46. Kd3 f3 47. a5 bxa5 48. bxa5 Nxa5 49. Ke3 Kf6 50. Kxf3 Kxf5 51. Kg3 h5 52. Kf3 0-1

[Event "*** SCC Grand Prix: Titled Tuesday Blitz"]
[Site "Chess.com"]
[Date "2020.07.21"]
[Round "4"]
[White "albano87"]
[Black "romulocardoso"]
[Result "1-0"]
[WhiteElo "2396"]
[BlackElo "2131"]
[TimeControl "180+1"]
[EndTime "10:37:45 PDT"]
[Termination "albano87 won by resignation"]

1. e4 c5 2. Nf3 d6 3. d4 cxd4 4. Qxd4 Nf6 5. Nc3 Nc6 6. Bb5 Bd7 7. Bxc6 Bxc6 8. Bg5 e5 9. Qd3 Be7 10. O-O-O Rc8 11. Bxf6 gxf6 12. Nh4 Bd7 13. Nd5 Rc6 14.
Kb1 Be6 15. f4 exf4 16. Rhf1 Qa5 17. Rxf4 Ra6 18. a3 Bxd5 19. exd5 Kd7 20. Qf5+ Kc7 21. Rc4+ Kb8 22. Qd7 Qd8 23. Qf5 b5 24. Rc6 Rxc6 25. dxc6 Qc8 26. Qxb5+ Ka8 27. Nf5 Re8 28. Rxd6 Bxd6 29.
Nxd6 Re1+ 30. Ka2 Qe6+ 31. c4 Qe7 32. Qa5 Qxd6 33. Qxe1 Qxc6 34. Qb4 Qxg2 35. Qf8+ Kb7 36. Qxf7+ Kc8 37. Qxa7 Qxh2 38. Qe7 Qh4 39. Qe6+ Kc7 40.
a4 f5 41. a5 f4 42. Qb6+ Kd7 43. Qd4+ Kc6 44. a6 Qg5 45. Qd5+ Qxd5 46. cxd5+ Kb6 47.
d6 f3 48. d7 Kc7 49. a7 f2 50. d8=Q+ Kxd8 51. a8=Q+ Kc7 1-0

[Event "*** SCC Grand Prix: Titled Tuesday Blitz"]
[Site "Chess.com"]
[Date "2020.07.21"]
[Round "4"]
[White "ferdipy"]
[Black "FMOlexandrProhorov"]
[Result "1-0"]
[WhiteElo "2337"]
[BlackElo "2127"]
[TimeControl "180+1"]
[EndTime "10:37:45 PDT"]
[Termination "ferdipy won by resignation"]

1. e4 c5 2. d4 cxd4 3. c3 Nf6 4.
e5 Nd5 5. cxd4 d6 6. Nf3 Nc6 7. h3 dxe5 8. dxe5 Bf5 9. Nd4 Bd7 10. e6 fxe6 11. Bb5 Qb6 12. Bxc6 bxc6 13. Qh5+ g6 14.
Qe5 Rg8 15. Nxe6 Bxe6 16. Qxe6 Nf6 17. Nc3 Rd8 18. O-O Rd6 19. Qe2 Nd5 20. Ne4 Re6 21. Qc2 Bg7 22. Nc5 Rd6 23. a3 Rf8 24. Bg5 Bf6 25.
Bh6 Rf7 26. Rae1 Qxb2 27. Qa4 Qb6 28. Ne6 Kd7 29. Nf8+ Kc7 30. Qg4 Qd4 31. Ne6+ Rxe6 32. Qxe6 1-0

[Event "*** SCC Grand Prix: Titled Tuesday Blitz"]
[Site "Chess.com"]
[Date "2020.07.21"]
[Round "4"]
[White "GukeshDommaraju"]
[Black "amatatanav"]
[Result "1-0"]
[WhiteElo "2715"]
[BlackElo "2504"]
[TimeControl "180+1"]
[EndTime "10:37:46 PDT"]
[Termination "GukeshDommaraju won on time"]

1. d4 Nf6 2. c4 e6 3. Nf3 d5 4.
Nc3 Be7 5. Bg5 h6 6. Bf4 O-O 7. e3 c5 8. dxc5 Bxc5 9. Qc2 Nc6 10. g4 d4 11. O-O-O e5 12. Nxe5 Nxe5 13. Bxe5 Bxg4 14. Rd2 Nd7 15. Bxd4 Bxd4 16. Rxd4 Be6 17. Rg1 Rc8 18. Bd3 Qf6 19. Ne4 Qh4 20. f3 Nc5 21. Nxc5 1-0

[Event "*** SCC Grand Prix: Titled Tuesday Blitz"]
[Site "Chess.com"]
[Date "2020.07.21"]
[Round "4"]
[White "AsaHoffmann"]
[Black "petroniy_arbitr"]
[Result "1-0"]
[WhiteElo "2434"]
[BlackElo "2270"]
[TimeControl "180+1"]
[EndTime "10:37:46 PDT"]
[Termination "AsaHoffmann won by resignation"]

1. d4 d5 2. Bg5 c6 3. e3 Qb6 4. Qc1 e6 5. Nf3 Be7 6. Bf4 Nf6 7. h3 O-O 8. c4 Nbd7 9. Nc3 Qd8 10. c5 b6 11. b4 a5 12. a3 Ne4 13. Nxe4 dxe4 14. Nd2 f5 15. Bc4 Nf6 16. O-O Nd5 17. Bxd5 exd5 18.
Qc3 b5 19. Nb3 a4 20. Na5 Qd7 21. f3 Bd8 22. Bd6 Rf7 23. fxe4 Bxa5 24. bxa5 dxe4 25. Rad1 Qa7 26. d5 cxd5 27. c6 Qxa5 28. Qe5 Ba6 29. Rxd5 h6 30. Rxf5 Rxf5 31. Qxf5 Qe1+ 32. Kh2 Qh4 33.
c7 Rc8 34. Bg3 Qf6 35. Rd8+ Kf7 36. Qd5+ Kg6 37. Rd6 1-0

[Event "*** SCC Grand Prix: Titled Tuesday Blitz"]
[Site "Chess.com"]
[Date "2020.07.21"]
[Round "4"]
[White "NotFischer"]
[Black "ajian"]
[Result "0-1"]
[WhiteElo "2251"]
[BlackElo "2423"]
[TimeControl "180+1"]
[EndTime "10:37:47 PDT"]
[Termination "ajian won by resignation"]

1. e4 c5 2. Nf3 Nc6 3. d4 cxd4 4. Nxd4 Nf6 5. Nc3 e5 6. Ndb5 d6 7. Bg5 a6 8. Bxf6 gxf6 9. Na3 b5 10. Nd5 f5 11. c3 Bg7 12. exf5 Bxf5 13. Nc2 Be6 14.
Nce3 Ne7 15. Nxe7 Qxe7 16. Bd3 d5 17. Nf5 Qg5 18. Nxg7+ Qxg7 19. O-O e4 20. Bc2 Bh3 21. g3 Bxf1 22. Qxd5 O-O 23. Rxf1 Rfe8 24. Bxe4 Rad8 25.
Qf5 Re5 26. Qf3 Rde8 27. Bb7 Qg6 28. Kg2 Re2 29. Rd1 Rxb2 30. Rd7 Ree2 31. Bd5 Rxf2+ 32. Qxf2 Rxf2+ 33. Kxf2 Qf5+ 0-1

[Event "*** SCC Grand Prix: Titled Tuesday Blitz"]
[Site "Chess.com"]
[Date "2020.07.21"]
[Round "4"]
[White "Ramil_Faizrakhmanov"]
[Black "sergeikim"]
[Result "1-0"]
[WhiteElo "2788"]
[BlackElo "2454"]
[TimeControl "180+1"]
[EndTime "10:37:48 PDT"]
[Termination "Ramil_Faizrakhmanov won by resignation"]

1. d4 Nf6 2. c4 g6 3. Nc3 Bg7 4. e4 d6 5. Nf3 O-O 6. h3 e5 7. d5 a5 8. Be3 Na6 9. g4 Nc5 10. Nd2 Bd7 11. Be2 Rc8 12. h4 c6 13.
h5 Ne8 14. a4 Nc7 15. Nb3 N7a6 16. Nxc5 Nxc5 17. g5 Qb6 18. Qc2 Qb4 19. O-O-O Nb3+ 20. Kb1 Nd4 21. Qd2 c5 22. Nb5 Qxa4 23. Nxd6 Rb8 24. Bd3 Bg4 25. Bxd4 Bxd1 26. Bxc5 Bb3 27. Ba3 Qd7 28.
Nb5 Rfc8 29. c5 Bf8 30. hxg6 hxg6 31. f3 Ba4 32. Qh2 Bg7 33. Qh7+ 1-0